 Dungeon Crawl Stone Soup version 0.31.0-1-g2c135a0 (webtiles) character file.

Game seed: 4529359769400690363

303 yakattack the Grave Robber (level 6, -3/42 HPs)
             Began as a Vine Stalker Necromancer on Jan 24, 2024.
             Slain by Duvessa the crocodile (11 damage)
             ... on level 7 of the Dungeon.
             The game lasted 00:07:05 (4762 turns).

yakattack the Grave Robber (VSNe)                   Turns: 4762, Time: 00:07:06

Health: -3/42      AC:  5    Str: 10    XL:     6   Next: 38%
Magic:  0/10       EV: 12    Int: 17    God:
Gold:   141        SH:  0    Dex: 15    Spells: 1/9 levels left

rFire   . . .        c - +0 dagger
rCold   . . .        (no shield)
rNeg    . . .        p - +2 animal skin
rPois   .            q - +0 helmet
rElec   .            (no cloak)
rCorr   .            (no gloves)
SInv    .            (no boots)
Will    .....        u - amulet of magic regeneration Stlth
                     h - ring of flight
HPRegen 1.07/turn    x - ring of wizardry
MPRegen 0.52/turn

%: guardian spirit, wizardry (x1)
@: berserking, flying, very quick
A: fangs 2, regeneration 1, magic shield, antimagic bite, no potion heal 2
a: no special abilities


You were on level 7 of the Dungeon.
You visited 1 branch of the dungeon, and saw 6 of its levels.

You collected 141 gold pieces.

Inventory:

Hand Weapons
 c - a +0 dagger (weapon)
 n - a +0 sling of freezing
Missiles
 k - 4 boomerangs
 o - 17 stones (quivered) {+f}
Armour
 a - a +0 robe
 p - a +2 animal skin (worn)
 q - a +0 helmet (worn)
Jewellery
 h - a ring of flight (left hand)
 u - an amulet of magic regeneration (around neck)
 x - a ring of wizardry (right hand)
 A - a ring of ice
Wands
 B - a wand of polymorph (6)
Scrolls
 f - a scroll of enchant armour {unknown}
 j - 4 scrolls of revelation
 s - 2 scrolls of noise
 t - a scroll of blinking {unknown}
 v - a scroll of fog
 y - a scroll of teleportation {unknown}
 z - a scroll of butterflies {unknown}
Potions
 b - a potion of magic
 d - a potion of berserk rage
 e - a potion of brilliance
 g - 2 potions of degeneration
 i - 3 potions of curing
 l - a potion of experience {unknown}
 m - 3 potions of attraction
 w - a potion of resistance {unknown}


   Skills:
 + Level 0.0 Fighting
 + Level 0.0 Short Blades
 - Level 1.5 Dodging
 - Level 2.4 Stealth
 + Level 2.1 Spellcasting
 - Level 0.2 Conjurations
 - Level 7.4 Necromancy


You had one spell level left.
You knew the following spells:

 Your Spells              Type           Power      Damage    Failure   Level
a - Animate Dead          Necr           27%        N/A       3%          4
q - Necrotise             Necr           100%       1d9       1%          1
w - Vampiric Draining     Necr           27%        2d7       1%          3

Your spell library contained the following spells:

 Spells                   Type           Power      Damage    Failure   Level
 Magic Dart               Conj           8%         1d3       8%          1
 Curse of Agony           Necr           27%        N/A       10%         5
 Searing Ray              Conj           4%         2d4       11%         2
 Fulminant Prism          Conj/Alch      1%         3d5       56%         4
 Olgreb's Toxic Radiance  Alch           1%         N/A       56%         4
 Ozocubu's Refrigeration  Ice            0%         4d7       100%        7
 Discord                  Hex            0%         N/A       100%        8


Dungeon Overview and Level Annotations

Branches:
Dungeon (5/15)
 Temple: D:4-7

Altars:
Elyvilon
Nemelex Xobeh
Trog
Uskayaw

Annotations:
D:7 Dowan, Duvessa


Innate Abilities, Weirdness & Mutations

You have extremely sharp teeth.
Your natural rate of healing is unusually fast.
When hurt, damage is shared between your health and your magic reserves.
Your bite disrupts and absorbs the magic of your enemies.
Potions cannot restore your health.


Message History

Dowan says, "Magic and the sword, together, will defeat you."
Vampiric draining
Press: ? - help, Shift-Dir - straight line, f/p - Duvessa
Aim: Duvessa the crocodile You draw life force from Duvessa.
You feel life coursing into your body. Duvessa misses you.
Necrotise
Press: ? - help, Shift-Dir - straight line, f/p - Duvessa
Aim: Duvessa the crocodile (moderately wounded, chance to affect: 83%) Duvessa writhes in agony.
Duvessa bites you.
Necrotise
Press: ? - help, Shift-Dir - straight line, f/p - Duvessa
Aim: Duvessa the crocodile (moderately wounded, chance to affect: 83%) Duvessa writhes in agony.
Duvessa barely misses you.
Necrotise
Press: ? - help, Shift-Dir - straight line, f/p - Duvessa
Aim: Duvessa the crocodile (moderately wounded, chance to affect: 83%) Duvessa writhes in agony!
Duvessa bites you!
Vampiric draining
Press: ? - help, Shift-Dir - straight line, f/p - Duvessa
Aim: Duvessa the crocodile (severely wounded)
You draw life force from Duvessa!
You feel life coursing into your body. Duvessa barely misses you.
Vampiric draining You don't have enough magic to cast this spell.
You hit Duvessa but do no damage. You bite Duvessa, but do no damage.
Duvessa bites you.
Okay, then.
You barely miss Duvessa. Your bite misses Duvessa. Duvessa bites you.
Dowan says, "Magic and the sword, together, will defeat you."
You closely miss Duvessa. Duvessa barely misses you.
Dowan casts a spell.
Dowan blinks!
You closely miss Duvessa. You bite Duvessa, but do no damage.
Duvessa bites you!
* * * LOW HITPOINT WARNING * * *
Duvessa drags you backwards!
A red film seems to cover your vision as you go berserk!
You feel yourself moving faster!
You feel mighty! Duvessa bites you!
You die...

#......###.#≈#.###
#......e.#.#≈#(#
#.....#..###≈###
#......e.......
##.....#.........
#.#.####.###......
#.#.# #.# ...###
######.#.####.###...#
#........e@l........#
#.####.#.####.##.####
#.# #.#.####.# # #.#
#.........# #.#
#.######.## #.# #.#
#.# #.# #.# #.#
#.####.######.#
#.............


You could see Duvessa the crocodile and Dowan.

Vanquished Creatures
  A jelly (D:7)
  A hound (D:4)
  Robin (D:2)
  6 gnolls
  6 adders
  2 ufetubi (D:7)
  A ribbon worm (D:3)
  10 orcs
  7 endoplasms
  2 giant cockroaches
  14 goblins
  14 hobgoblins
  4 kobolds
  8 quokkas
  3 ball pythons
  4 bats
  A frilled lizard (D:1)
  6 rats
91 creatures vanquished.

Vanquished Creatures (collateral kills)
  2 endoplasms
  A rat (D:1)
3 creatures vanquished.

Grand Total: 94 creatures vanquished

Notes
Turn   | Place    | Note
-------+----------+-------------------------------------------
     0 | D:1      | yakattack the Vine Stalker Necromancer began the quest for
                  | the Orb.
     0 | D:1      | Reached XP level 1. HP: 9/9 MP: 4/4
   147 | D:1      | Reached XP level 2. HP: 13/13 MP: 3/6
   775 | D:2      | Reached XP level 3. HP: 16/16 MP: 5/7
   914 | D:2      | Reached skill level 5 in Necromancy
  1208 | D:2      | Reached XP level 4. HP: 21/21 MP: 0/8
  1640 | D:2      | Found a faded altar of an unknown god.
  1825 | D:2      | Noticed Robin
  2018 | D:2      | Killed Robin
  2019 | D:2      | Reached skill level 6 in Necromancy
  2618 | D:3      | Learned a level 3 spell: Vampiric Draining
  2724 | D:3      | Reached XP level 5. HP: 24/24 MP: 4/9
  3447 | D:3      | Found a bloodstained altar of Trog.
  3716 | D:3      | Found a sparkling altar of Nemelex Xobeh.
  3727 | D:3      | Found a hide-covered altar of Uskayaw.
  3979 | D:4      | Reached skill level 7 in Necromancy
  3979 | D:4      | Reached XP level 6. HP: 28/28 MP: 7/10
  4129 | D:4      | Learned a level 4 spell: Animate Dead
  4414 | D:4      | Found a white marble altar of Elyvilon.
  4627 | D:5      | Entered Level 5 of the Dungeon
  4633 | D:5      | You are sucked into a shaft and drop 2 floors!
  4726 | D:7      | Noticed Dowan
  4727 | D:7      | Noticed Duvessa
  4752 | D:7      | Duvessa changed into Duvessa the crocodile
  4752 | D:7      | Noticed Duvessa
  4762 | D:7      | Slain by Duvessa the crocodile

Illustrated notes

Levels and vault maps discovered:
D:1:      erik_arrival_blinker_ship, layout_rooms
D:2:      layout_basic, hellmonk_ecumenical_altar_run_dry, uniq_robin
D:3:      layout_basic, amethyst_overflow_temple_binary, trog_butcher_becter,
          minmay_checkerbox
D:4:      layout_basic, kennysheep_little_box
D:5:      layout_gridville, led_sif_book, serial_shops,
          nicolae_shop_just_a_little_nook, ebering_ghost_rock_garden,
          uniq_menkaure, uniq_prince_ribbit1
D:7:      layout_basic, minmay_temple_entry_arrows, serial_shops,
          nicolae_shop_gaudy_bauble, gammafunk_ghost_cemetery, st_stairs_14,
          hangedman_decor_growths, grunt_decor_cap, uniq_joseph, uniq_duvessa

Skill      XL: |  1  2  3  4  5 |
---------------+----------------+-----
Necromancy     | 5 6 7 |  7.4
Dodging        | |  1.5
Stealth        | |  2.4
Spellcasting   | |  2.1
Conjurations   | |  0.2

Action                     |  1- 3 |  4- 6 || total
---------------------------+-------+-------++-------
  Melee: Dagger            |    21 |    55 ||    76
         Unarmed           |     3 |       ||     3
         Bite              |     2 |    10 ||    12
         Punch             |       |     1 ||     1
  Throw: Stone             |       |     1 ||     1
   Cast: Necrotise         |    53 |   130 ||   183
         Vampiric Draining |       |     2 ||     2
         Animate Dead      |       |     1 ||     1
  Evoke: Wand              |       |     5 ||     5
    Use: Scroll            |       |     7 ||     7
         Potion            |       |     2 ||     2
   Stab: Distracted        |       |     1 ||     1
 Armour: Robe              |     9 |    13 ||    22
         Animal skin       |       |    58 ||    58
         Skin              |       |     1 ||     1
  Dodge: Dodged            |    25 |    62 ||    87
